 Dungeon Crawl Stone Soup version 0.26-a0-466-g989023bd0d (webtiles) character file.

Game seed: 14218182778184032525

55 drasked the Firebug (level 3, -1/19 HPs)
             Began as a Deep Elf Fire Elementalist on Aug 6, 2020.
             Slain by a hobgoblin
             ... wielding a cursed -2 club
              (3 damage)
             ... on level 1 of the Dungeon.
             The game lasted 00:03:06 (1193 turns).

drasked the Firebug (Deep Elf Fire Elementalist)    Turns: 1193, Time: 00:03:07

Health: -1/19      AC:  2    Str:  5    XL:     3   Next: 67%
Magic:  8/9        EV: 13    Int: 20    God:
Gold:   78         SH:  0    Dex: 15    Spells: 7/8 levels left

rFire    . . .     SeeInvis .   h - +0 whip
rCold    . . .     Faith    .   (no shield)
rNeg     . . .     Spirit   .   a - +0 robe
rPois    .         Reflect  .   (no helmet)
rElec    .         Harm     .   (no cloak)
rCorr    .                      (no gloves)
MR       .....                  (no boots)
Stlth    ++........             (no amulet)
HPRegen  0.06/turn              (no ring)
MPRegen  0.11/turn              (no ring)

@: no status effects
A: no striking features
a: no special abilities


You were on level 1 of the Dungeon.
You visited 1 branch of the dungeon, and saw 2 of its levels.

You collected 78 gold pieces.

Inventory:

Hand Weapons
 h - a +0 whip (weapon)
   (You took it off a kobold on level 1 of the Dungeon)
Missiles
 c - a silver javelin (quivered)
 l - 14 poisoned darts
 Q - 68 stones
Armour
 a - a +0 robe (worn)
Wands
 e - a wand of disintegration (14)
   (You found it on level 2 of the Dungeon)
Scrolls
 d - 2 scrolls of identify {unknown}
 f - a scroll of remove curse {unknown}
 g - a scroll of teleportation {unknown}
 j - a scroll of random uselessness {unknown}
Potions
 b - a potion of curing {unknown}
 i - a potion of heal wounds {unknown}
 k - 2 potions of might {unknown}


   Skills:
 - Level 2.4 Dodging
 - Level 2.4 Stealth
 - Level 3.0 Spellcasting
 * Level 3.3 Conjurations
 + Level 4.0 Fire Magic


You had 7 spell levels left.
You knew the following spells:

 Your Spells              Type           Power        Failure   Level
a - Foxfire               Conj/Fire      ###.         3%          1

Your spell library contained the following spells:

 Spells                   Type           Power        Failure   Level
 Conjure Flame            Conj/Fire      ###.....     10%         3
 Inner Flame              Hex/Fire       ##......     19%         3
 Sticky Flame             Conj/Fire      ###.....     30%         4
 Fireball                 Conj/Fire      ###.......   65%         5


Dungeon Overview and Level Annotations

Branches:
Dungeon (2/15)

Altars:
Ashenzari


Message History

You conjure some foxfire!
The bat closely misses you. The bat hits you but does no damage.
The bat closely misses you.
The foxfire hits the bat.
You kill the bat!
You start resting.
You see here a scale mail.
A kobold comes into view.
You conjure some foxfire!
The kobold shouts!
The foxfire hits the kobold but does no damage.
The foxfire hits the kobold.
You conjure some foxfire!
The foxfire hits the kobold.
You kill the kobold!
Your Fire Magic skill increases to level 4!
You start resting.
l - 14 poisoned darts
Found a stone staircase leading up. 2 orcs come into view.
An orc wizard comes into view. It is wielding a +0 dagger.
You conjure some foxfire!
The orc wizard shouts!
The orc shouts!
You hear a bark!
The foxfire hits the orc but does no damage. x2
You conjure some foxfire!
A giant cockroach comes into view.
The foxfire hits the orc wizard but does no damage.
The foxfire hits the orc but does no damage.
The orc barely misses you.
A hobgoblin comes into view. It is wielding a -2 club.
A ball python comes into view.
The hobgoblin barely misses you.
There is a stone staircase leading up here.
The orc wizard mumbles some strange words.
The orc wizard flickers and vanishes!
Deactivating autopickup; reactivate with Ctrl-A.
The orc hits you with a +0 dagger. The orc barely misses you.
The hobgoblin closely misses you.
You climb upwards.
Reactivating autopickup.
There is a stone staircase leading down here.
Nothing appears to happen.
The orc hits you but does no damage.
The hobgoblin hits you but does no damage.
The orc hits you with a +0 dagger.
Unknown command.
Nothing appears to happen.
The hobgoblin closely misses you. The orc misses you.
The hobgoblin hits you with a cursed -2 club.
* * * LOW HITPOINT WARNING * * *
The orc barely misses you.
You closely miss the hobgoblin. The hobgoblin closely misses you.
The orc hits you but does no damage.
You closely miss the hobgoblin.
The hobgoblin hits you with a cursed -2 club.
* * * LOW HITPOINT WARNING * * *
The orc closely misses you.
Throwing (i - inventory. (/) - cycle)
c - 8 silver javelins (quivered)
Aim: an orc, wielding a +0 dagger and wearing a +0 leather armour You throw a silver javelin.
The silver javelin closely misses the orc.
The silver javelin barely misses the orc.
The hobgoblin hits you but does no damage.
The orc misses you. The hobgoblin closely misses you.
Throwing (i - inventory. (/) - cycle)
c - 7 silver javelins (quivered)
Aim: an orc, wielding a +0 dagger and wearing a +0 leather armour You throw a silver javelin.
The silver javelin pierces through the orc. x2
The orc hits you with a +0 dagger.
* * * LOW HITPOINT WARNING * * *
The hobgoblin misses you. The orc hits you but does no damage.
Throwing (i - inventory. (/) - cycle)
c - 6 silver javelins (quivered)
Aim: an orc, wielding a +0 dagger and wearing a +0 leather armour (moderately wounded)
You throw a silver javelin.
The silver javelin pierces through the orc!
You kill the orc!
The silver javelin barely misses the orc.
The hobgoblin completely misses you.
Throwing (i - inventory. (/) - cycle)
c - 5 silver javelins (quivered)
Aim: an orc, wielding a +0 dagger and wearing a +0 leather armour (moderately wounded)
You throw a silver javelin.
The silver javelin pierces through the orc.
You kill the orc!
The hobgoblin barely misses you. The hobgoblin closely misses you.
Throwing (i - inventory. (/) - cycle)
c - 4 silver javelins (quivered)
Aim: a hobgoblin, wielding a -2 club You throw a silver javelin.
The silver javelin pierces through the hobgoblin.
The hobgoblin barely misses you.
Throwing (i - inventory. (/) - cycle)
c - 3 silver javelins (quivered)
Aim: a hobgoblin, wielding a -2 club (severely wounded)
You throw a silver javelin.
The silver javelin pierces through the hobgoblin but does no damage.
The hobgoblin barely misses you.
Throwing (i - inventory. (/) - cycle)
c - 2 silver javelins (quivered)
Aim: a hobgoblin, wielding a -2 club (almost dead)
You throw a silver javelin.
The silver javelin closely misses the hobgoblin.
The hobgoblin hits you with a cursed -2 club.
* * * LOW HITPOINT WARNING * * *
The hobgoblin hits you with a cursed -2 club.
You die...

##### ....#
.##.##############
.........(.....g@#
..#####.#[######)#
§§...#.........#.#
.#.#.#..#.####.#.#####
...#...........#(....#
##...####.##########.#
##..............# #.#
#..####†######.# #.###
#..#......)..#.# #...#


You could see a hobgoblin.

Levels and vault maps discovered:
D:1:      minmay_arrival_checkered_box, layout_basic, ashenzari_altar_1
D:2:      layout_rooms

Notes
Turn   | Place    | Note
-------+----------+-------------------------------------------
     0 | D:1      | drasked the Deep Elf Fire Elementalist began the quest for
                  | the Orb.
     0 | D:1      | Reached XP level 1. HP: 10/10 MP: 6/6
    92 | D:1      | Found a shattered altar of Ashenzari.
    99 | D:1      | Identified a +0 club
   103 | D:1      | Identified a cursed +0 club
   105 | D:1      | Reached skill level 2 in Conjurations
   105 | D:1      | Reached XP level 2. HP: 15/15 MP: 2/8
   182 | D:1      | Identified a +0 club
   200 | D:1      | Identified a +0 short sword
   218 | D:1      | Identified a +0 dagger
   285 | D:1      | Identified a +0 whip
   601 | D:1      | Identified a +0 whip
   640 | D:1      | Reached XP level 3. HP: 19/19 MP: 7/9
   833 | D:2      | Identified a +0 dagger
   833 | D:2      | Identified a +0 hunting sling
   836 | D:2      | Reached skill level 3 in Conjurations
  1137 | D:2      | Reached skill level 4 in Fire Magic
  1169 | D:2      | Identified a +0 dagger
  1169 | D:2      | Identified a +0 chain mail
  1169 | D:2      | Identified a +0 dagger
  1169 | D:2      | Identified a +0 leather armour
  1170 | D:2      | Identified a +0 dagger
  1170 | D:2      | Identified a +0 robe
  1176 | D:2      | Identified a cursed -2 club
  1188 | D:1      | HP: 3/19 [orc/+0 dagger (2)]
  1193 | D:1      | HP: 2/19 [hobgoblin/cursed -2 club (1)]
  1193 | D:1      | Slain by a hobgoblin

Table legend: (Time is in decaauts)
 A = Elapsed time spent in this place.
 B = Non-inter-level travel time spent in this place.
 C = Inter-level travel time spent in this place.
 D = Time resting spent in this place.
 E = Time spent auto-exploring this place.
 F = Levels seen in this place.
 G = Mean time per level.
                   A        B        C        D        E       F      G
               +--------+--------+--------+--------+--------+-----+--------+
         Total |   1195 |   1185 |     10 |    578 |    398 |   2 |  597.5 |
       Dungeon |   1195 |   1185 |     10 |    578 |    398 |   2 |  597.5 |
               +--------+--------+--------+--------+--------+-----+--------+

Top non-repeatable levels by time:
     D:1: 797 daAuts
     D:2: 397 daAuts

Table legend:
 A = Kills in this place as a percentage of kills in entire the game.
 B = Kills by you in this place as a percentage of kills by you in the entire game.
 C = Kills by friends in this place as a percentage of kills by friends in the entire game.
 D = Other kills in this place as a percentage of other kills in the entire game.
 E = Experience gained in this place as a percentage of experience gained in the entire game.
 F = Experience gained in this place divided by the number of levels of this place that you have seen.
                   A       B       C       D       E      F
               +-------+-------+-------+-------+-------+----------------------
         Total | 100.0 | 100.0 |   N/A |   N/A | 100.0 |  39.5
       Dungeon | 100.0 | 100.0 |   N/A |   N/A | 100.0 |  39.5
               +-------+-------+-------+-------+-------+----------------------

Skill      XL: |  1  2  3 |
---------------+----------+-----
Conjurations   | 2 3 |  3.3
Fire Magic     | 4 |  4.0
Dodging        | |  2.4
Stealth        | |  2.4
Spellcasting   | |  3.0

Action                   || total
-------------------------++-------
Melee: Whip              ||     2
Throw: Javelin           ||     7
 Cast: Foxfire           ||    51
Armor: Robe              ||     7
Dodge: Dodged            ||    43

Vanquished Creatures
  An adder (D:2)
  An ooze (D:1)
  2 dart slugs (D:1)
  2 orcs (D:1)
  A giant cockroach (D:1)
  3 goblins
  5 hobgoblins (D:1)
  5 bats
  7 frilled lizards (D:1)
  6 kobolds
  6 rats
39 creatures vanquished.

Vanquished Creatures (others)
  75 foxfires
75 creatures vanquished.

Grand Total: 114 creatures vanquished
